 Dungeon Crawl Stone Soup version 0.29.1-14-g9c671dbff4 (webtiles) character file.

Game seed: 14734914928027789680

123 Heoruswealwe the Caller (level 4, 0/24 HPs)
             Began as a Deep Elf Summoner on Feb 19, 2023.
             Was a Believer of Lugonu.
             Killed by divine providence
             ... invoked by an orc priest
              (10 damage)
             ... on level 3 of the Dungeon.
             The game lasted 00:21:59 (1899 turns).

Heoruswealwe the Caller (Deep Elf Summoner)         Turns: 1899, Time: 00:22:00

Health: 0/24       AC:  3    Str:  5    XL:     4   Next: 80%
Magic:  9/13       EV: 16    Int: 22    God:    Lugonu [**....]
Gold:   42         SH:  0    Dex: 15    Spells: 9/13 levels left

rFire   + . .      SeeInvis .   g - +0 short sword
rCold   + . .      Faith    .   (no shield)
rNeg    . . .      Spirit   .   a - +0 robe
rPois   +          Reflect  .   (no helmet)
rElec   +          Harm     .   (no cloak)
rCorr   +          Rampage  .   r - +0 pair of gloves
Will    .....                   (no boots)
Stlth   ++........              (no amulet)
HPRegen 0.08/turn               E - +4 ring of evasion
MPRegen 0.13/turn               (no ring)

@: resistant, weak-willed, hasted, very quick
A: no striking features
a: Renounce Religion, Depart the Abyss, Bend Space


You were on level 3 of the Dungeon.
You worshipped Lugonu.
Lugonu was pleased with you.
You visited 1 branch of the dungeon, and saw 3 of its levels.

You collected 42 gold pieces.

Inventory:

Hand Weapons
 c - a +0 club
 g - a +0 short sword (weapon)
 h - a +0 club
 n - a +0 short sword
 p - a +0 club
 q - a +0 whip
 s - a +0 club
 t - a +0 halberd
 v - a +0 spear
 w - a +0 whip
 y - a +0 club
 z - a +0 club
 A - a +0 dagger
 C - a +0 dagger
 G - a +0 sling
 I - a +0 dagger
 K - a +0 club
Missiles
 o - 10 stones
 J - 6 javelins
Armour
 a - a +0 robe (worn)
 d - a +0 chain mail
 j - a +0 ring mail
 r - a +0 pair of gloves (worn)
 B - a +0 leather armour
 D - a +0 ring mail
Jewellery
 x - an amulet of guardian spirit
 E - a +4 ring of evasion (left hand)
 H - a ring of fire
Scrolls
 m - a scroll of teleportation
Potions
 b - 2 potions of magic
 f - a potion of flight
 u - 2 potions of haste


   Skills:
 - Level 2.4 Dodging
 - Level 2.4 Stealth
 + Level 5.2 Spellcasting
 + Level 5.7 Summonings


You had 9 spell levels left.
You knew the following spells:

 Your Spells              Type           Power      Damage    Failure   Level
a - Summon Small Mammal   Summ           100%       N/A       1%          1
b - Call Canine Familiar  Summ           31%        N/A       2%          3

Your spell library contained the following spells:

 Spells                   Type           Power      Damage    Failure   Level
 Call Imp                 Summ           31%        N/A       1%          2
 Summon Guardian Golem    Hex/Summ       18%        N/A       9%          3
 Shock                    Conj/Air       20%        1d4       10%         1
 Swiftness                Air            5%         N/A       30%         3
 Summon Lightning Spire   Summ/Air       18%        N/A       30%         4
 Airstrike                Air            2%         2d(1-17)  69%         4


Dungeon Overview and Level Annotations

Branches:
Dungeon (3/15)

Altars:
Gozag
Lugonu


Message History

It was a potion of curing.
You feel better.
It was a potion of haste.
You feel yourself speed up.
It was a potion of resistance.
You feel protected.
Okay, then.
There is a stone staircase leading down here.
You climb downwards.
Found 17 gold pieces.
Found an opulent altar of Gozag.
There is a stone staircase leading up here.
Casting: Call Canine Familiar (quite dangerous; 3% risk of failure)
Confirm with . or Enter, or press ? or * to list all spells.
The spell is quite dangerous to miscast (3% risk of failure)!
Continue anyway?
The orc priest begins to cast a cantrip, but forgets the words!
Casting: Call Canine Familiar (quite dangerous; 3% risk of failure)
Confirm with . or Enter, or press ? or * to list all spells.
Your hound barely misses the orc priest.
The orc priest barely misses your hound.
Your hound bites the orc priest.
Casting: Summon Small Mammal (safe; 1% risk of failure)
Confirm with . or Enter, or press ? or * to list all spells.
Your hound barely misses the orc priest.
The orc priest misses your hound.
The orc priest casts a cantrip, but nothing happens.
Your hound bites the orc priest.
The orc priest calls down the wrath of Beogh upon you.
Beogh smites you!
Ouch! That really hurt!
Your hound completely misses the orc priest.
Your quokka bites the orc priest.
Your quokka barely misses the orc priest.
Your hound closely misses the orc priest.
The orc priest looks braver for a moment.
The orc completely misses your hound.
Your quokka bites the orc priest.
Your hound bites the orc priest.
The orc priest dies!
Lugonu accepts your kill. The orc misses your hound.
The orc priest mumbles some strange prayers to Beogh against you.
Beogh smites you!
You die...

# ########.###
#......#...#
#@#.#.# #.....#
####.....###
#...r......#
#....rh#...#.#
.....##o#......
##### .o#.###.#
$.#.# .# .#.#


You could see an orc priest, an orc (ally target), a friendly hound (summoned)
and 2 friendly quokkas.

Vanquished Creatures
  An adder (D:2)
  A worm (D:2)
  A dart slug (D:2)
  An endoplasm (D:2)
  A giant cockroach (D:2)
  A goblin (D:1)
  A hobgoblin (D:2)
  2 kobolds (D:2)
  A frilled lizard (D:1)
  2 rats
12 creatures vanquished.

Vanquished Creatures (collateral kills)
  An orc priest (D:3)
  A gnoll (D:1)
  An adder (D:2)
  A worm (D:2)
  4 dart slugs
  5 endoplasms (D:1)
  A giant cockroach (D:2)
  4 goblins
  4 hobgoblins
  5 kobolds
  2 ball pythons
  8 bats
  2 frilled lizards (D:1)
  2 rats (D:1)
41 creatures vanquished.

Grand Total: 53 creatures vanquished

Notes
Turn   | Place    | Note
-------+----------+-------------------------------------------
     0 | D:1      | Heoruswealwe the Deep Elf Summoner began the quest for the
                  | Orb.
     0 | D:1      | Reached XP level 1. HP: 10/10 MP: 6/6
    40 | D:1      | Reached XP level 2. HP: 9/15 MP: 0/8
   362 | D:1      | Reached XP level 3. HP: 8/19 MP: 7/10
   366 | D:1      | Learned a level 3 spell: Call Canine Familiar
   378 | D:1      | Reached skill level 5 in Summonings
   715 | D:1      | Found a faded altar of an unknown god.
   739 | D:1      | Prayed at the altar of an unknown god.
   739 | D:1      | Became a worshipper of Lugonu the Unformed
   739 | D:1      | Reached * piety under Lugonu
   739 | D:1      | Reached ** piety under Lugonu
  1090 | D:2      | Reached XP level 4. HP: 6/24 MP: 8/12
  1699 | D:2      | Reached skill level 5 in Spellcasting
  1888 | D:3      | Found an opulent altar of Gozag.
  1899 | D:3      | Killed from afar by an orc priest

Illustrated notes

Levels and vault maps discovered:
D:1:      onia_arrival_pentagram, layout_loops_ring,
          hellmonk_ecumenical_altar_lost_god, minmay_cupped
D:2:      layout_loops_ring, minivault_27, minmay_unequal
D:3:      layout_loops_corners, lemuel_crystal_altar, bloody_makhleb,
          minmay_liquid_box, uniq_robin

Skill      XL: |  1  2  3  4 |
---------------+-------------+-----
Spellcasting   | 4 5 |  5.2
Summonings     | 5 |  5.7
Dodging        | |  2.4
Stealth        | |  2.4

Action                   |  1- 3 |  4- 6 || total
-------------------------+-------+-------++-------
Melee: Short sword       |    36 |    11 ||    47
       Punch             |     1 |       ||     1
 Cast: Summon Small Mamm |    27 |     4 ||    31
       Call Canine Famil |     8 |     5 ||    13
  Use: Scroll            |       |     4 ||     4
       Potion            |       |     3 ||     3
 Stab: Sleeping          |     1 |     1 ||     2
       Distracted        |       |     1 ||     1
Armor: Robe              |    14 |     4 ||    18
Dodge: Dodged            |    31 |    11 ||    42
